 Dungeon Crawl Stone Soup version 0.29.1-12-g30fa7ad0bf (webtiles) character file.

Game seed: 5062205012104563038

33 nachturnus the Chopper (level 3, -1/31 HPs)
             Began as a Minotaur Monk on Jan 19, 2023.
             Slain by a white imp (4 damage)
             ... summoned by Natasha
             ... on level 2 of the Dungeon.
             The game lasted 00:05:14 (1126 turns).

nachturnus the Chopper (Minotaur Monk)              Turns: 1126, Time: 00:05:14

Health: -1/31      AC:  3    Str: 17    XL:     3   Next: 12%
Magic:  2/2        EV: 12    Int:  7    God:
Gold:   13         SH:  0    Dex: 12    Spells: 2/2 levels left

rFire   . . .      SeeInvis .   a - +0 hand axe
rCold   . . .      Faith    .   (no shield)
rNeg    . . .      Spirit   .   b - +0 robe
rPois   .          Reflect  .   (helmet restricted)
rElec   .          Harm     .   e - +0 cloak
rCorr   .          Rampage  .   (no gloves)
Will    .....                   (no boots)
Stlth   ++........              (no amulet)
HPRegen 0.10/turn               (no ring)
MPRegen 0.08/turn               (no ring)

@: slowed, very slow
A: horns 2, retaliatory headbutt
a: no special abilities


You were on level 2 of the Dungeon.
You visited 1 branch of the dungeon, and saw 2 of its levels.

You collected 13 gold pieces.

Inventory:

Hand Weapons
 a - a +0 hand axe (weapon)
Armour
 b - a +0 robe (worn)
 e - a +0 cloak (worn)
Jewellery
 l - a ring of positive energy
Scrolls
 d - 3 scrolls of identify {unknown}
 f - a scroll of immolation {unknown}
 h - a scroll of acquirement {unknown}
 i - a scroll of noise {unknown}
 k - a scroll of blinking {unknown}
 n - a scroll of teleportation {unknown}
 o - a scroll of silence {unknown}
Potions
 c - a potion of ambrosia
 g - a potion of lignification {unknown}
 j - a potion of heal wounds {unknown}
 m - a potion of brilliance {unknown}


   Skills:
 - Level 3.6 Fighting
 + Level 5.2 Axes
 - Level 3.2 Dodging
 - Level 1.5 Stealth


You had 2 spell levels left.
You didn't know any spells.
Your spell library was empty.

Dungeon Overview and Level Annotations

Branches:
Dungeon (2/15)

Altars:

Annotations:
D:2 Natasha


Innate Abilities, Weirdness & Mutations

You have a pair of horns on your head.
You reflexively headbutt those who attack you in melee.


Message History

You hit Natasha. Your headbutt misses Natasha.
Natasha is lightly wounded.
You hit the shadow imp. Natasha claws you. The shadow imp closely misses you.
Natasha barely misses you. You furiously retaliate!
You headbutt Natasha, but do no damage. You barely miss the shadow imp.
The shadow imp is moderately wounded.
You barely miss Natasha. The shadow imp barely misses you. Natasha claws you.
The shadow imp misses you.
You hit the shadow imp.
The shadow imp is almost dead.
You closely miss Natasha. Natasha claws you!
* * * LOW HITPOINT WARNING * * *
The shadow imp gestures at you.
You barely resist. Natasha casts a spell at you.
You feel as though you will be slow longer.
You hit Natasha but do no damage.
Natasha is lightly wounded.
You barely miss the shadow imp. The shadow imp hits you.
* * * LOW HITPOINT WARNING * * *
Natasha mumbles some strange words.
The shadow imp hits you.
* * * LOW HITPOINT WARNING * * *
You closely miss Natasha.
Natasha is lightly wounded.
You hit the shadow imp.
You kill the shadow imp!
The shadow imp disappears in a puff of smoke!
Natasha barely misses you.
Natasha mumbles some strange words.
You feel troubled. Natasha barely misses you. You furiously retaliate!
You headbutt Natasha! You closely miss Natasha.
Natasha is heavily wounded.
The white imp grinds its teeth.
Natasha closely misses you. The white imp hits you.
* * * LOW HITPOINT WARNING * * *
The white imp freezes you.
You die...

########## ######
#..$.....# #.....
##@##....# #...##
#..h5##....# #...#
#.#..##....#####.###
# #..##.......##.#
..#............#
..........####.##
..........# #.#
......##.... #.#
........### #.#


You could see Natasha and a white imp (summoned).

Vanquished Creatures
  2 giant cockroaches (D:1)
  4 goblins (D:1)
  4 hobgoblins (D:1)
  7 jackals (D:1)
  3 kobolds (D:1)
  A quokka (D:1)
  3 ball pythons (D:1)
  2 bats (D:1)
  A frilled lizard (D:1)
  4 rats (D:1)
31 creatures vanquished.

Notes
Turn   | Place    | Note
-------+----------+-------------------------------------------
     0 | D:1      | nachturnus the Minotaur Monk began the quest for the Orb.
     0 | D:1      | Reached XP level 1. HP: 19/19 MP: 0/0
    90 | D:1      | Reached skill level 4 in Axes
   345 | D:1      | Reached XP level 2. HP: 22/26 MP: 1/1
   937 | D:1      | Reached skill level 5 in Axes
   959 | D:1      | Reached XP level 3. HP: 31/31 MP: 2/2
  1115 | D:2      | Noticed Natasha
  1126 | D:2      | Slain by a white imp

Illustrated notes

Levels and vault maps discovered:
D:1:      amcnicky_arrival_abandoned_market, layout_loops_ring,
          supply_closet_lemuel
D:2:      layout_basic, uniq_natasha, uniq_crazy_yiuf_cottage

Skill      XL: |  1  2 |
---------------+-------+-----
Axes           | 4 5 |  5.2
Fighting       | |  3.6
Dodging        | |  3.2
Stealth        | |  1.5

Action                   || total
-------------------------++-------
Melee: Hand axe          ||    73
       Headbutt          ||     7
       Punch             ||     1
 Stab: Sleeping          ||     1
Armor: Robe              ||    15
Dodge: Dodged            ||    57
